[Event "Team 45 45 League T75"]
[Site "Internet Chess Club"]
[Date "2018.01.05"]
[Round "2"]
[White "ChessHouston"]
[Black "jonesey"]
[Result "1-0"]
[WhiteElo "1874"]
[BlackElo "1858"]
[Opening "Ruy Lopez: Caro variation"]
[ECO "C70"]
[Time "15:03:05"]
[TimeControl "2700+45"]

1. e4 e5 2. Nf3 Nc6 3. Bb5 a6 4. Ba4 b5 5. Bb3 Nf6 6. d3 Be7 7. Nc3 d6 8. a3 O-O
9. h3 Na5 10. Ba2 c5 11. Bg5 b4 12. Bxf6 bxc3 13. Bxe7 Qxe7 14. bxc3 Be6 15. c4
f5 16. Qe2 fxe4 17. Qxe4 Rab8 18. O-O-O Qd7 19. Qe1 Qa4 20. Qc3 Rb7 21. Rhe1 Nc6
22. Bb3 Qxa3+ 23. Kd2 Ra8 24. Ra1 Qb4 25. Ba4 Bd7 26. Ng5 Nd4 27. Qxb4 cxb4 28.
Bxd7 Rxd7 29. Reb1 Rb7 30. Ne4 Rb6 31. Ra5 Kf7 32. Rd5 Ke7 33. f4 Ke6 34. fxe5
dxe5 35. Nc5+ Kf7 36. Nd7 Re6 37. Nxe5+ Ke7 38. Re1 Rd8 39. Rxd4 Rxd4 40. Nc6+
Kd7 41. Rxe6 Rh4 42. g3 Rxh3 43. Nd4 Rxg3 44. Rxa6 Rg2+ 45. Ke3 h5 46. c5 h4 47.
Ra7+ Kc8 48. Nf5 g5 49. c6 Rxc2 50. Nd6+ Kb8 51. Rb7+ Ka8 52. Nc4 Rxc4 53. dxc4
{Black resigns} 1-0

[Event "Team 45 45 League T75"]
[Site "Internet Chess Club"]
[Date "2017.12.29"]
[Round "2"]
[White "LookImYourVader"]
[Black "Zugzwanged"]
[Result "1-0"]
[WhiteElo "1804"]
[BlackElo "1734"]
[Opening "French defense, Steiner variation"]
[ECO "C00"]
[Time "13:30:51"]
[TimeControl "2700+45"]

1. e4 e6 2. c4 d5 3. cxd5 exd5 4. exd5 Nf6 5. Bb5+ Nbd7 6. Nf3 Be7 7. Nc3 O-O 8.
O-O Nb6 9. h3 Nbxd5 10. d4 c6 11. Bd3 h6 12. a3 Re8 13. Re1 Be6 14. Bd2 Bd6 15.
Rc1 Bc7 16. Ne5 Ne7 17. Bf4 Bb6 18. Nf3 Nf5 19. Be5 Kh8 20. Bb1 Nd5 21. Qc2 f6
22. Bh2 Nxc3 23. bxc3 Qd5 24. Nh4 g6 25. Nxg6+ Kg8 26. Nf4 Qd7 27. Rxe6 Rxe6 28.
Nxe6 Qxe6 29. Qxf5 Qxf5 30. Bxf5 Re8 31. Kf1 Kg7 32. Re1 Rd8 33. Re7+ Kf8 34.
Rd7 Re8 35. Bd6+ Kg8 36. Rxb7 Ba5 37. Rb8 Rxb8 38. Bxb8 Bxc3 39. Bxa7 Ba5 40.
Bd7 Kf7 41. Bxc6 Ke6 42. Ke2 Kf5 43. Bc5 h5 44. Kd3 h4 45. Bd7+ Kg5 46. Be7 Be1
47. Ke2 Bc3 48. d5 Kg6 49. Be8+ Kf5 50. d6 Ke6 51. f3 f5 52. Kd3 Ba5 53. Kc4 Ke5
54. Kb5 Bd2 55. Kc6 Ba5 56. Bxh4 {Black resigns} 1-0

[Event "Team 45 45 League T75"]
[Site "Internet Chess Club"]
[Date "2017.12.22"]
[Round "2"]
[White "bookseller"]
[Black "Invicta-Knight"]
[Result "1-0"]
[WhiteElo "1692"]
[BlackElo "1524"]
[Opening "Scandinavian: Pytel-Wade variation"]
[ECO "B01"]
[Time "12:30:17"]
[TimeControl "2700+45"]

1. e4 d5 2. exd5 Qxd5 3. Nc3 Qd6 4. Bc4 e5 5. Qf3 f6 6. Bxg8 Rxg8 7. Qh5+ g6 8.
Qxh7 Rg7 9. Qh8 Be6 10. d3 Nc6 11. Ne4 Qe7 12. Bh6 Rf7 13. Bxf8 Rxf8 14. Qh6 Qf7
15. Qe3 Nd4 16. O-O-O O-O-O 17. Ne2 Bg4 18. f3 Bf5 19. Kb1 Be6 20. N2c3 Qe7 21.
h4 Kb8 22. Qh6 Qf7 23. Nc5 Nf5 24. Qd2 Rh8 25. Nxe6 Qxe6 26. Qf2 Qb6 27. Qxb6
axb6 28. Ne4 Rdf8 29. g3 Nd4 30. Rdf1 f5 31. Ng5 Ne2 32. Rh3 f4 33. g4 Nd4 34.
c3 Nc6 35. h5 gxh5 36. gxh5 Rf5 37. Rg1 Ne7 38. h6 Ng8 39. h7 Nf6 40. Ne6 c6 41.
Rg7 {Black resigns} 1-0

[Event "Team 45 45 League T75"]
[Site "Internet Chess Club"]
[Date "2018.01.02"]
[Round "2"]
[White "Agarnez"]
[Black "gera-carp75"]
[Result "1-0"]
[WhiteElo "1921"]
[BlackElo "1824"]
[Opening "Dutch defense"]
[ECO "A81"]
[Time "11:09:19"]
[TimeControl "2700+45"]

1. d4 f5 2. g3 Nf6 3. Bg2 d5 4. Nh3 e6 5. O-O c6 6. b3 Bd6 7. Bf4 Be7 8. c4 O-O
9. Bc1 Bd7 10. Nf4 g5 11. Nd3 h6 12. Ba3 Bxa3 13. Nxa3 Qe7 14. Nc2 Be8 15. Qc1
Bh5 16. f3 Nbd7 17. Qa3 Qxa3 18. Nxa3 a5 19. Nc2 Rfe8 20. cxd5 exd5 21. e3 Kg7
22. Bh3 Bg6 23. f4 g4 24. Bg2 Rac8 25. Ne5 Bf7 26. Rac1 c5 27. Na3 cxd4 28. exd4
Nxe5 29. fxe5 Ne4 30. Nb5 Be6 31. Bxe4 Rxc1 32. Rxc1 fxe4 33. Nd6 Re7 34. Kf2
Kf8 35. Ke3 Rg7 36. Rc5 Re7 37. Rxa5 Rc7 38. Rc5 Rc6 39. Nxb7 Ra6 40. Ra5 Rc6
41. Nc5 Bf7 42. Ra6 {Black resigns} 1-0

[Event "Team 45 45 League T75"]
[Site "Internet Chess Club"]
[Date "2017.12.23"]
[Round "2"]
[White "leandromorg"]
[Black "ascoli"]
[Result "1-0"]
[WhiteElo "1730"]
[BlackElo "1710"]
[Opening "Old Benoni defense"]
[ECO "A43"]
[Time "05:02:44"]
[TimeControl "2700+45"]

1. d4 c5 2. e3 d5 3. f4 g6 4. c3 Bg7 5. Nf3 Bf5 6. Bd3 Bxd3 7. Qxd3 c4 8. Qc2
Nc6 9. Nbd2 Qc7 10. O-O Nh6 11. Ne5 Nf5 12. Ndf3 O-O 13. e4 dxe4 14. Qxe4 Nd6
15. Qe2 Rac8 16. Bd2 e6 17. Be1 b5 18. g4 a5 19. Bg3 b4 20. Rad1 bxc3 21. bxc3
Nxe5 22. fxe5 Nb5 23. Qc2 a4 24. Ng5 Qa5 25. Ne4 Rb8 26. Bh4 Rb7 27. Rf3 Rfb8
28. Nc5 Na3 29. Nxb7 Qd5 30. Qf2 Rxb7 31. Rf1 Qd7 32. Bg5 h6 33. Bc1 Nb5 34. Qc2
Qc6 35. Qf2 Qd7 36. Qh4 g5 37. Qf2 a3 38. h4 Qe7 39. hxg5 hxg5 40. Qd2 Qd8 41.
Kg2 Bh6 42. Rf6 Qd5+ 43. Kg3 Qe4 44. Rxh6 {Black resigns} 1-0

[Event "Team 45 45 League T75"]
[Site "Internet Chess Club"]
[Date "2017.12.31"]
[Round "2"]
[White "a-man"]
[Black "trombone"]
[Result "0-1"]
[WhiteElo "1690"]
[BlackElo "1793"]
[Opening "Queen's gambit declined"]
[ECO "D30"]
[Time "10:00:22"]
[TimeControl "2700+45"]

1. d4 d5 2. c4 e6 3. Nf3 c5 4. dxc5 Bxc5 5. cxd5 exd5 6. g3 Qb6 7. e3 Nf6 8. Bg2
O-O 9. O-O Rd8 10. Nc3 Bd6 11. Qc2 Nc6 12. Rd1 Bg4 13. h3 Bh5 14. g4 Bg6 15. Qe2
Nb4 16. Nd4 Be5 17. Nf5 Bxf5 18. gxf5 d4 19. Ne4 Nfd5 20. exd4 Bxd4 21. a3 Nc6
22. Qc4 Nf6 23. Nxf6+ Bxf6 24. Be3 Qxb2 25. Rab1 Rxd1+ 26. Rxd1 Rc8 27. Bd5 Rf8
28. Bc5 Ne5 29. Qb3 Nf3+ 30. Qxf3 Rc8 31. Be3 b6 32. Bb7 Rc7 33. Qe4 h6 34. Bf4
Re7 35. Qf3 Qc2 36. Be3 Qa4 37. Bd2 Rxb7 38. Re1 Re7 39. Rc1 Qd7 40. Rd1 Qc8 41.
Bb4 Rd7 42. Re1 a5 43. Bxa5 bxa5 44. Qg3 Qc3 45. Re8+ Kh7 46. Qb8 Qc1+ 47. Kg2
Qc6+ 48. Kh2 Qc7+ 49. Qxc7 Rxc7 50. Ra8 Rc5 51. Ra7 Rxf5 52. Kg2 Kg6 53. f3 Rd5
54. Kf2 Bd4+ 55. Ke2 Bxa7 56. f4 Kf5 57. Kf3 Rd3+ 58. Ke2 Ke4 59. f5 Rf3 60. f6
Rf2+ 61. Ke1 Rxf6 62. Ke2 Rf2+ 63. Ke1 Kd3 64. a4 h5 65. h4 g6 66. Kd1 Rf1#
{White checkmated} 0-1

[Event "Team 45 45 League T75"]
[Site "Internet Chess Club"]
[Date "2017.12.27"]
[Round "2"]
[White "ANGELLR"]
[Black "Ajolote"]
[Result "0-1"]
[WhiteElo "1878"]
[BlackElo "1860"]
[Opening "Queen's pawn: London system"]
[ECO "A45"]
[Time "19:01:20"]
[TimeControl "2700+45"]

1. d4 Nf6 2. Bf4 e6 3. e3 Bd6 4. Bg5 O-O 5. Nf3 Be7 6. c4 b6 7. Nc3 d5 8. Bd3 h6
9. Bh4 Bb7 10. Rc1 Nbd7 11. h3 dxc4 12. Bxc4 Ne4 13. Bxe7 Qxe7 14. Nxe4 Bxe4 15.
O-O Nf6 16. Ne5 Rfd8 17. Bb5 c5 18. Bc6 Rac8 19. Bxe4 Nxe4 20. Qd3 Qb7 21. Rfd1
Qd5 22. f3 Ng3 23. Kh2 Nf5 24. g4 cxd4 25. Rxc8 Rxc8 26. exd4 Nd6 27. Qa3 Rc2+
28. Kg3 a5 29. Rd3 g5 30. Nd7 Kg7 31. Nxb6 Ne4+ 32. fxe4 Qxe4 33. Rf3 Qe1+
{White resigns} 0-1

[Event "Team 45 45 League T75"]
[Site "Internet Chess Club"]
[Date "2017.12.28"]
[Round "2"]
[White "Tobiasdelmonte"]
[Black "primerpaso"]
[Result "0-1"]
[WhiteElo "1655"]
[BlackElo "1829"]
[Opening "QGD: 4.Nf3"]
[ECO "D37"]
[Time "19:23:26"]
[TimeControl "2700+45"]

1. d4 Nf6 2. c4 e6 3. Nf3 d5 4. Nc3 Be7 5. e3 O-O 6. Bd3 b6 7. O-O Bb7 8. b3
Nbd7 9. Bb2 c5 10. Rc1 Rc8 11. Bb1 cxd4 12. Nxd4 dxc4 13. bxc4 Ne5 14. Ba1 Nxc4
15. Qd3 Ba3 16. Rcd1 Ne5 17. Qe2 Qe7 18. Ncb5 Ba6 19. Nc2 Nc4 20. Nbxa3 Nxa3 21.
Qxa6 Nxc2 22. Qe2 Nxa1 23. Bd3 Nd5 24. Rxa1 Rc5 25. h3 Rfc8 26. Ba6 R8c7 27. Qf3
Qf6 28. Qg3 g6 29. a4 Ra5 30. Bb5 a6 31. Be2 Qe7 32. Rfc1 Rxc1+ 33. Rxc1 Rxa4
34. Rc8+ Kg7 35. Qb8 b5 36. Bf3 Nf6 37. Rc7 Ra1+ 38. Kh2 Qd6+ 39. g3 Ne8 40. Rc8
Qxb8 41. Rxb8 Nd6 42. Rb6 Nc4 43. Rb7 Ra2 44. Bg2 Rxf2 45. Kg1 Ra2 46. e4 Ra4
47. h4 Nd6 48. Rb6 Nxe4 49. Bxe4 Rxe4 50. Rxa6 Re2 51. Rb6 Rb2 52. Kh1 e5 53.
Kg1 b4 54. Kf1 h5 55. Kg1 f5 56. Kf1 b3 57. Rb7+ Kh6 58. Rb6 Rb1+ 59. Kg2 b2 60.
Rb7 e4 61. Rb8 e3 62. Kf3 Rf1+ {White resigns} 0-1

[Event "Team 45 45 League T75"]
[Site "Internet Chess Club"]
[Date "2017.12.22"]
[Round "2"]
[White "VictorRed"]
[Black "nealbruce"]
[Result "1-0"]
[WhiteElo "1753"]
[BlackElo "1668"]
[Opening "Ruy Lopez (Spanish opening)"]
[ECO "C60"]
[Time "10:05:45"]
[TimeControl "2700+45"]

1. e4 e5 2. Nf3 Nc6 3. Bb5 a5 4. O-O d6 5. d4 Bd7 6. Bxc6 Bxc6 7. dxe5 dxe5 8.
Nxe5 Bxe4 9. Qe2 Qd5 10. Re1 Qxe5 11. Qxe4 Qxe4 12. Rxe4+ Kd7 13. Bf4 Nf6 14.
Rd4+ Kc8 15. Nc3 Bc5 16. Rc4 Bb6 17. Nb5 Nd5 18. Bg3 Kd7 19. Rd1 c6 20. Nc3 Ke6
21. Re4+ Kf5 22. Re5+ Kg6 23. Nxd5 cxd5 24. Rexd5 Rhe8 25. Rd6+ Re6 26. Rxe6+
fxe6 27. Rd6 Rd8 28. Rxe6+ Kf7 29. Re1 Rd2 30. Rc1 g5 31. h4 g4 32. Kf1 a4 33.
Ke1 Ba5 34. Kf1 h5 35. Bf4 Rd5 36. c4 Rf5 37. g3 Rf6 38. Rd1 Ke7 39. Bg5 Ke6 40.
Bxf6 Kxf6 41. Rd5 b6 42. Rxh5 {Black resigns} 1-0

[Event "Team 45 45 League T75"]
[Site "Internet Chess Club"]
[Date "2017.12.25"]
[Round "2"]
[White "Insan996"]
[Black "drsigmund1"]
[Result "1-0"]
[WhiteElo "1729"]
[BlackElo "1444"]
[Opening "QGD: Ragozin variation"]
[ECO "D38"]
[Time "20:00:51"]
[TimeControl "2700+45"]

1. d4 d5 2. c4 e6 3. Nc3 Nf6 4. Nf3 Bb4 5. e3 b6 6. Qa4+ Nc6 7. Qxc6+ Bd7 8. Qb7
Rb8 9. Qa6 Ba5 10. cxd5 Nxd5 11. Qc4 Nb4 12. Qb3 O-O 13. Be2 c5 14. O-O cxd4 15.
Nxd4 e5 16. Nf3 Qe7 17. Nd5 Nxd5 18. Qxd5 e4 19. Nd4 Rfd8 20. a3 Be8 21. Qa2 b5
22. b4 Bc7 23. Bb2 Be5 24. Rac1 Qf6 25. Qb1 Bxh2+ 26. Kxh2 Rb6 27. Qxe4 {Black
resigns} 1-0

[Event "Team 45 45 League T75"]
[Site "Internet Chess Club"]
[Date "2017.12.24"]
[Round "2"]
[White "hood"]
[Black "SlimeDog2"]
[Result "1/2-1/2"]
[WhiteElo "2022"]
[BlackElo "1992"]
[Opening "Ruy Lopez: Berlin defense, open variation"]
[ECO "C67"]
[Time "19:11:59"]
[TimeControl "2700+45"]

1. e4 e5 2. Nf3 Nc6 3. Bb5 Nf6 4. O-O Nxe4 5. d4 Nd6 6. Bxc6 dxc6 7. dxe5 Nf5 8.
Qxd8+ Kxd8 9. Nc3 Bd7 10. b3 h6 11. Bb2 Kc8 12. Rfd1 b6 13. Ne4 c5 14. c4 Bc6
15. Nc3 g5 16. Nd5 g4 17. Nd2 Bg7 18. Ne4 Kb7 19. Nef6 h5 20. Re1 Rad8 21. Rad1
Rh6 22. Bc1 Rhh8 23. Bg5 Bh6 24. Bxh6 Rxh6 25. Nf4 Rdh8 26. N4d5 a5 27. Ne4 a4
28. Ng5 Rf8 {Game drawn by mutual agreement} 1/2-1/2

[Event "Team 45 45 League T75"]
[Site "Internet Chess Club"]
[Date "2017.12.21"]
[Round "2"]
[White "soccerisfun"]
[Black "ascoli"]
[Result "1-0"]
[WhiteElo "2008"]
[BlackElo "1727"]
[Opening "Sicilian: Sozin attack"]
[ECO "B86"]
[Time "13:01:21"]
[TimeControl "2700+45"]

1. e4 c5 2. Nf3 e6 3. d4 cxd4 4. Nxd4 Nf6 5. Nc3 d6 6. Bc4 Be7 7. O-O O-O 8. Bb3
Na6 9. Bg5 Nc5 10. Qf3 a6 11. Rad1 b5 12. Nc6 Qd7 13. Nxe7+ Qxe7 14. e5 Bb7 15.
exf6 Bxf3 16. fxe7 Bxd1 17. exf8=Q+ Rxf8 18. Rxd1 d5 {Black resigns} 1-0

[Event "Team 45 45 League T75"]
[Site "Internet Chess Club"]
[Date "2017.12.30"]
[Round "2"]
[White "JSCOL"]
[Black "Percival"]
[Result "1-0"]
[WhiteElo "2178"]
[BlackElo "2031"]
[Opening "French: Winawer, advance, poisoned pawn, Konstantinopolsky variation"]
[ECO "C18"]
[Time "07:00:11"]
[TimeControl "2700+45"]

1. e4 e6 2. d4 d5 3. Nc3 Bb4 4. e5 c5 5. a3 Bxc3+ 6. bxc3 Ne7 7. Qg4 Qc7 8. Qxg7
Rg8 9. Qxh7 cxd4 10. Ne2 Nbc6 11. f4 dxc3 12. Qd3 d4 13. Nxd4 Nxd4 14. Qxd4 Bd7
15. Rg1 Nf5 16. Qf2 Qc6 17. Bd3 Qd5 18. Bxf5 exf5 19. Be3 Bc6 20. Rd1 Qa5 21. g4
fxg4 22. Bc5 Rd8 23. Bd6 Rg6 24. Qh4 Rdxd6 25. Rxd6 Qb6 26. Qh8+ Ke7 27. Rg3 Bf3
28. Rxb6 {Black resigns} 1-0

[Event "Team 45 45 League T75"]
[Site "Internet Chess Club"]
[Date "2017.12.23"]
[Round "2"]
[White "jorobo"]
[Black "f5"]
[Result "0-1"]
[WhiteElo "1954"]
[BlackElo "2178"]
[Opening "Dutch: Leningrad, main variation"]
[ECO "A87"]
[Time "22:00:40"]
[TimeControl "2700+45"]

1. d4 f5 2. c4 Nf6 3. g3 g6 4. Bg2 Bg7 5. Nf3 d6 6. O-O O-O 7. Nc3 Qe8 8. Re1
Qf7 9. b3 Ne4 10. Bb2 Nc6 11. Rc1 e5 12. dxe5 dxe5 13. Nxe4 fxe4 14. Ng5 Qxf2+
15. Kh1 Rd8 16. Nxe4 Qe3 17. Qc2 Bf5 18. Qc3 Bh6 19. Qxe3 Bxe3 20. Rcd1 Kg7 21.
Nc3 Rxd1 22. Rxd1 Bd4 23. Rd2 Rd8 24. Nd1 Bxb2 25. Rxd8 Nxd8 26. Nxb2 b6 27. Kg1
Bb1 28. a3 Ne6 29. e3 c5 30. h4 Kf6 31. Kf2 g5 32. Bf3 h6 33. Bg4 gxh4 34. gxh4
Nf8 35. Kg3 Ng6 36. Bd7 Ne7 37. Kg4 Be4 38. b4 cxb4 39. axb4 Bf5+ 40. Bxf5 Nxf5
41. Nd1 a5 42. c5 axb4 43. cxb6 Nd6 44. Kh5 Kg7 45. e4 Nxe4 46. Kg4 Nd6 47. Ne3
Kg6 48. Nc4 h5+ 49. Kf3 b3 50. Nxe5+ Kf5 51. Nc4 Nxc4 52. b7 Ne5+ 53. Ke3 Nc6
54. Kd3 Kg4 55. Kc3 Kxh4 56. Kxb3 Na5+ {White resigns} 0-1

[Event "Team 45 45 League T75"]
[Site "Internet Chess Club"]
[Date "2017.12.25"]
[Round "2"]
[White "kidcobra"]
[Black "Heian"]
[Result "0-1"]
[WhiteElo "1793"]
[BlackElo "1662"]
[Opening "Evans gambit"]
[ECO "C51"]
[Time "18:08:50"]
[TimeControl "2700+45"]

1. e4 e5 2. Nf3 Nc6 3. Bc4 Bc5 4. b4 Bxb4 5. c3 Bc5 6. d4 exd4 7. cxd4 Bb6 8.
Bg5 f6 9. Bh4 Na5 10. Bxg8 Rxg8 11. e5 Qe7 12. O-O Qf7 13. Re1 Kf8 14. Nc3 d6
15. exf6 gxf6 16. Ne4 Rg6 17. Qe2 Bh3 18. Ng3 Bd7 19. Qd3 Be6 20. Ne4 Bc4 21.
Qc2 Bd5 22. Kh1 Nc6 23. Rad1 Re8 24. Nxf6 Rxe1+ 25. Rxe1 Rxf6 26. Ng5 Qg6 27.
Nxh7+ Kg7 28. Bxf6+ Kxh7 29. Qxg6+ Kxg6 30. Bh8 Bxa2 31. g4 Bd5+ 32. Kg1 a5 33.
h4 a4 34. Kh2 a3 35. f4 a2 36. f5+ Kh7 37. Bf6 Bxd4 38. g5 Bxf6 39. gxf6 Kg8 40.
h5 Be4 41. Rxe4 a1=Q 42. Re6 Qd4 43. Kg3 Ne5 44. h6 Qg4+ 45. Kh2 Qxf5 46. Re8+
Kf7 47. h7 Qh5+ 48. Kg2 Kxe8 49. h8=Q+ Qxh8 50. f7+ Kxf7 51. Kf2 Qh4+ 52. Ke3
Ke6 53. Kd2 b5 54. Kd1 c5 55. Kc2 b4 56. Kb2 Qg3 57. Ka1 Kd5 58. Kb1 c4 59. Kb2
Qf2+ 60. Ka1 Kd4 61. Kb1 Kc3 62. Ka1 Qb2# {White checkmated} 0-1

[Event "Team 45 45 League T75"]
[Site "Internet Chess Club"]
[Date "2017.12.29"]
[Round "2"]
[White "Sloggi"]
[Black "Monterrey"]
[Result "0-1"]
[WhiteElo "2020"]
[BlackElo "1984"]
[Opening "Modern defense"]
[ECO "A40"]
[Time "20:00:12"]
[TimeControl "2700+45"]

1. d4 g6 2. Bg5 Bg7 3. c3 Nf6 4. Nd2 c5 5. e3 b6 6. Ngf3 Bb7 7. Be2 O-O 8. O-O
d5 9. Ne5 Nc6 10. f4 Qc7 11. Qe1 Nd7 12. Bh4 Ndxe5 13. fxe5 f6 14. exf6 exf6 15.
Qf2 Rae8 16. Bf3 Qd7 17. Rae1 f5 18. Kh1 Nd8 19. Bg3 Ne6 20. Rd1 Ng5 21. Bf4 Ne4
22. Bxe4 fxe4 23. Qg3 cxd4 24. cxd4 Ba6 25. Rfe1 Rc8 26. Rc1 Qb5 27. Nb3 Qa4 28.
Bd6 Rf7 29. Ba3 Bh6 30. Qh3 Rxc1 31. Rxc1 Kg7 32. Qe6 Bxe3 33. Qe5+ Kh6 34. Re1
Qc4 35. g3 Rf1+ 36. Kg2 Qc2+ 37. Kh3 Bc8+ 38. g4 Bxg4+ 39. Kxg4 Qg2+ 40. Qg3
Rf4# {White checkmated} 0-1

[Event "Team 45 45 League T75"]
[Site "Internet Chess Club"]
[Date "2017.12.31"]
[Round "2"]
[White "achessman"]
[Black "cool64chess"]
[Result "0-1"]
[WhiteElo "1882"]
[BlackElo "1940"]
[Opening "French: Chigorin variation"]
[ECO "C00"]
[Time "07:04:19"]
[TimeControl "2700+45"]

1. e4 e6 2. Qe2 c5 3. Nf3 Nc6 4. g3 b6 5. c3 Bb7 6. Bg2 e5 7. O-O Be7 8. Rd1 Qc8
9. Na3 Nf6 10. d4 cxd4 11. cxd4 Ba6 12. Qe1 d6 13. b4 Bb7 14. Bb2 O-O 15. dxe5
dxe5 16. b5 Bb4 17. Qe2 Nd4 18. Nxd4 exd4 19. Rxd4 Bc5 20. Rd2 Qe6 21. Bxf6 Qxf6
22. e5 Qe7 23. Bxb7 Qxb7 24. Nc4 Rfe8 25. Nd6 Bxd6 26. Rxd6 Qe7 27. Re1 Rac8 28.
Qd3 Rc7 29. f4 h6 30. Rd1 Rec8 31. Rd2 Rc1+ 32. Kg2 Qb7+ 33. Kh3 R1c3 34. Qf5
Rf8 35. Rd8 Rc7 36. Rxf8+ Kxf8 37. Qh7 Rd7 38. Rc2 Rc7 39. Rxc7 Qxc7 40. Qh8+
Ke7 41. Qxg7 Qd7+ 42. Kh4 Qxb5 43. Qf6+ Ke8 44. e6 fxe6 45. Qxe6+ Kd8 46. f5
Qb4+ 47. Kh5 Qf8 48. Qxh6 Qf7+ 49. Kg5 Qxa2 50. Qd6+ Ke8 51. h4 Kf7 52. Qe6+
Qxe6 53. fxe6+ Kxe6 54. Kg6 b5 55. h5 b4 56. h6 b3 57. h7 b2 58. h8=Q b1=Q+ 59.
Kg5 Qf5+ 60. Kh4 Qf6+ 61. Qxf6+ Kxf6 62. Kg4 a5 63. Kf4 a4 {White resigns} 0-1

[Event "Team 45 45 League T75"]
[Site "Internet Chess Club"]
[Date "2017.12.28"]
[Round "2"]
[White "BigCol"]
[Black "bobhill"]
[Result "1-0"]
[WhiteElo "1770"]
[BlackElo "1891"]
[Opening "Queen's pawn, Mason variation"]
[ECO "D00"]
[Time "10:00:40"]
[TimeControl "2700+45"]

1. d4 d5 2. Bf4 Nf6 3. e3 g6 4. c3 Bg7 5. Nd2 O-O 6. h3 Nbd7 7. Ngf3 c5 8. Be2
cxd4 9. exd4 Re8 10. O-O a6 11. Re1 Nf8 12. Ne5 N6d7 13. Ndf3 Nxe5 14. Nxe5 Nd7
15. Bf3 Nf6 16. Qb3 e6 17. Re2 Nd7 18. Rae1 Nxe5 19. Bxe5 Bf8 20. Bf4 Qa5 21.
Bxd5 Bd7 22. Bf3 Bc6 23. Bxc6 bxc6 24. a3 Qf5 25. Bg3 h5 26. Re5 Qf6 27. Ra5 Qd8
28. Qa4 Qb6 29. b4 Bh6 30. Qc2 Qd8 31. Qd3 h4 32. Be5 Qc8 33. Bf6 Qd7 34. Bxh4
Bf8 35. Bf6 c5 36. Qg3 cxb4 37. axb4 Rec8 38. Re3 Rc4 39. h4 Bd6 40. Qg5 Qc7 41.
Qh6 {Black resigns} 1-0

[Event "Team 45 45 League T75"]
[Site "Internet Chess Club"]
[Date "2017.12.28"]
[Round "2"]
[White "tuotuo123"]
[Black "Ajolote"]
[Result "1/2-1/2"]
[WhiteElo "1539"]
[BlackElo "1848"]
[Opening "Sicilian defense"]
[ECO "B32"]
[Time "19:01:23"]
[TimeControl "2700+45"]

1. e4 c5 2. Nf3 Nc6 3. d4 cxd4 4. Nxd4 Qb6 5. Nb3 e6 6. Nc3 a6 7. Be3 Qc7 8. Na4
b5 9. Nb6 Rb8 10. Nxc8 Rxc8 11. Bd3 Nf6 12. O-O Be7 13. a3 O-O 14. Nc5 Bxc5 15.
Bxc5 d6 16. e5 dxc5 17. exf6 Qe5 18. fxg7 Qxg7 19. Rb1 Rfd8 20. Qh5 Rd5 21. Qh4
Nd4 22. Be4 Rd7 23. c3 f5 24. cxd4 Qxd4 25. Qh6 Qxe4 26. Rfe1 Qd3 27. Qxe6+ Kh8
28. Qf6+ Kg8 29. Qe6+ Kh8 30. Qf6+ Kg8 31. Qe6+ {Game drawn by repetition}
1/2-1/2

[Event "Team 45 45 League T75"]
[Site "Internet Chess Club"]
[Date "2017.12.30"]
[Round "2"]
[White "JPSVI"]
[Black "kwen2008"]
[Result "1-0"]
[WhiteElo "1365"]
[BlackElo "1499"]
[Opening "Catalan opening"]
[ECO "E00"]
[Time "23:15:27"]
[TimeControl "2700+45"]

1. d4 Nf6 2. c4 e6 3. g3 Bb4+ 4. Bd2 Be7 5. Bg2 d5 6. Nf3 O-O 7. Qc2 Nbd7 8. O-O
Nb6 9. c5 Nbd7 10. Nc3 Re8 11. Ne1 Nf8 12. f4 Ng6 13. Nf3 b6 14. c6 Bf8 15. a3
Ba6 16. b4 Ne7 17. b5 Bc8 18. Na2 a6 19. a4 Ne4 20. Nc3 Nd6 21. Ng5 g6 22. g4
Nc4 23. e4 Qd6 24. e5 Qb4 25. Nce4 Nxd2 26. Qxd2 Qxd2 27. Nxd2 Bg7 28. Ngf3 f6
29. h4 fxe5 30. Nxe5 Bf6 31. Ndf3 Bxe5 32. Nxe5 Rf8 33. Rf2 Kg7 34. Kh2 Ng8 35.
Kg3 Nf6 36. Raa2 Ne8 37. Bf1 Nd6 38. Bd3 Nf7 39. Rae2 Nd6 40. Rc2 axb5 41. axb5
Ra3 42. Rf3 Rb3 43. Be2 Rb4 44. Re3 Rxd4 45. Nd7 Re4 46. Nxf8 Rxe3+ 47. Kf2 Rb3
48. Nd7 Kf7 49. Ne5+ Ke7 50. Ra2 Nxb5 51. Bxb5 Rxb5 52. Ra8 Kd8 53. Nf7+ Ke7 54.
Rxc8 Kxf7 55. Rxc7+ Kg8 56. Rb7 Rc5 57. c7 Rxc7 58. Rxc7 b5 59. Rb7 b4 60. Rxb4
d4 61. Rxd4 Kg7 62. Ke3 Kf6 63. Ke4 h5 64. g5+ Kf7 65. Ke5 Kg7 66. Rd7+ Kf8 67.
Kxe6 Ke8 68. Ra7 Kd8 69. Kf6 Kc8 70. Kxg6 Kb8 71. Rh7 Kc8 72. f5 Kb8 73. f6 Kc8
74. Kxh5 Kd8 75. g6 Kc8 76. Re7 Kd8 77. g7 Kc8 78. g8=Q# {Black checkmated} 1-0

[Event "Team 45 45 League T75"]
[Site "Internet Chess Club"]
[Date "2017.12.22"]
[Round "2"]
[White "dinosaurchess"]
[Black "fireball"]
[Result "0-1"]
[WhiteElo "1370"]
[BlackElo "1598"]
[Opening "French: Tarrasch, closed variation"]
[ECO "C05"]
[Time "12:46:26"]
[TimeControl "2700+45"]

1. e4 e6 2. d4 d5 3. Nd2 Nf6 4. e5 Nfd7 5. Ngf3 c5 6. dxc5 Bxc5 7. Nb3 Bb6 8.
Bb5 Qc7 9. Bf4 O-O 10. Bg3 Nc6 11. O-O Ncxe5 12. Bxd7 Nxf3+ 13. Qxf3 Qxd7 14.
Rad1 Qe7 15. Rfe1 Qg5 16. Bf4 Qg6 17. c3 f6 18. Bd6 Re8 19. h3 Bd7 20. Re2 Bc6
21. Qg3 Qxg3 22. Bxg3 e5 23. Red2 Rad8 24. Kh1 f5 25. f3 e4 26. fxe4 dxe4 27.
Rxd8 Rxd8 28. Rxd8+ Bxd8 29. Nd4 Bd7 30. Kg1 Kf7 31. Kf1 g5 32. Ke2 f4 33. Bh2
Kf6 34. h4 h6 35. hxg5+ hxg5 36. b3 Bc7 37. Kf2 Ke5 38. g3 Bb6 39. gxf4+ gxf4
40. Ke2 Bg4+ 41. Kd2 e3+ 42. Ke1 Ke4 43. Nb5 f3 44. Nd6+ Kd3 45. Bg3 f2+ 46.
Bxf2 exf2+ 47. Kf1 Bh3# {White checkmated} 0-1

[Event "Team 45 45 League T75"]
[Site "Internet Chess Club"]
[Date "2017.12.30"]
[Round "2"]
[White "Skeptic1972"]
[Black "skywise"]
[Result "0-1"]
[WhiteElo "1514"]
[BlackElo "1555"]
[Opening "Ruy Lopez: 5.O-O"]
[ECO "C78"]
[Time "13:00:31"]
[TimeControl "2700+45"]

1. e4 e5 2. Nf3 Nc6 3. Bb5 a6 4. Ba4 Nf6 5. O-O b5 6. Bb3 Bc5 7. d3 d6 8. h3 h6
9. a4 Rb8 10. axb5 axb5 11. Nc3 O-O 12. Qe2 Bd7 13. Be3 Nd4 14. Bxd4 exd4 15.
Nd5 Nxd5 16. Bxd5 c6 17. Bb3 Re8 18. Qd2 Qf6 19. Nh2 Qg6 20. Kh1 Be6 21. Bxe6
Rxe6 22. f4 Qh5 23. f5 Ree8 24. Ra6 Bb6 25. Qf2 c5 26. h4 f6 27. g4 Qf7 28. h5
c4 29. Nf3 cxd3 30. cxd3 Qb3 31. Ra3 Qb4 32. Qd2 Qxd2 33. Nxd2 Ra8 34. Rfa1 Rxa3
35. Rxa3 Rc8 36. Rb3 b4 37. Nc4 Bc5 38. Kg2 Kf8 39. Kf3 Ke7 40. Kf4 Kd7 41. Kf3
Kc6 42. Na5+ Kb5 43. Nc4 Ka4 44. Nd2 Ba7 45. Ke2 Rc2 {White resigns} 0-1

[Event "Team 45 45 League T75"]
[Site "Internet Chess Club"]
[Date "2017.12.22"]
[Round "2"]
[White "Egmont"]
[Black "idjit"]
[Result "1-0"]
[WhiteElo "1679"]
[BlackElo "1658"]
[Opening "Nimzo-Indian: 4.e3 c5, 5.Ne2 (Rubinstein, anti-Hübner system)"]
[ECO "E42"]
[Time "11:00:32"]
[TimeControl "2700+45"]

1. d4 Nf6 2. c4 e6 3. Nc3 Bb4 4. e3 c5 5. Ne2 cxd4 6. exd4 d5 7. a3 Be7 8. Ng3
O-O 9. Bf4 Nc6 10. c5 Bd7 11. Be2 b6 12. b4 bxc5 13. bxc5 Rb8 14. Bxb8 {Black
resigns} 1-0